 Dungeon Crawl Stone Soup version 0.17-a0-1056-g838d5c0 (webtiles) character file.

24091 sponge the Carver (level 12, -6/80 HPs)
             Began as a High Elf Assassin on Apr 26, 2015.
             Was an Elder of Zin.
             Mangled by an eight-headed hydra (13 damage)
             ... on level 7 of the Lair of Beasts on May 17, 2015.
             The game lasted 02:11:06 (16398 turns).

sponge the Carver (High Elf Assassin)              Turns: 16398, Time: 02:11:06

Health: -6/80      AC:  8    Str: 19    XL:     12   Next: 77%
Magic:  18/18      EV: 22    Int: 22    God:    Zin [****..]
Gold:   334        SH:  0    Dex: 22    Spells: 2 memorised, 7 levels left

rFire  . . .     SeeInvis +     b - +0 shortbow
rCold  . . .     Clarity  .     Y - +2 leather armour {rPois}
rNeg   . . .     SustAb   .     (no shield)
rPois  ∞         Gourm    .     y - +0 helmet
rElec  .         Spirit   .     m - +1 cloak {MR+}
rCorr  .         Warding  .     (no gloves)
rMut   .         Stasis   .     (no boots)
MR     ++...                    (no amulet)
Stlth  ++++......               x - ring of see invisible
                                w - +6 ring of strength

@: vitalised, about to teleport, very resistant to hostile enchantments,
stealthy
A: wild magic 1
a: Recite, Vitalisation, Imprison, Renounce Religion


You were on level 7 of the Lair of Beasts.
You worshipped Zin.
Zin was greatly pleased with you.
You were not hungry.

You visited 3 branches of the dungeon, and saw 17 of its levels.

You collected 890 gold pieces.
You donated 366 gold pieces to Zin.

Inventory:

Hand weapons
 a - a +3 falchion of slicing
 b - a +0 shortbow (weapon)
 c - a +0 blowgun
 i - a +3 triple sword of electrocution
 S - a +0 long sword
 Z - a +0 dagger of electrocution
Missiles
 e - 63 poisoned needles
 f - a curare-tipped needle
 k - 458 stones
 v - 2 needles of confusion
 G - a throwing net
 L - 90 arrows (quivered)
 M - 4 poisoned arrows
 N - 8 javelins
 T - 4 needles of paralysis
Armour
 m - a +1 cloak of magic resistance (worn)
 y - a +0 helmet (worn)
 Y - a +2 leather armour of poison resistance (worn)
Jewellery
 h - an uncursed ring of fire
 w - a +6 ring of strength (left hand)
 x - a ring of see invisible (right hand)
Magical devices
 d - a wand of frost (28)
 s - a wand of magic darts (23)
 C - a wand of fire (3)
 D - a wand of slowing (36)
 E - a wand of heal wounds (4)
 R - a wand of confusion (24)
Scrolls
 p - 3 scrolls of remove curse
 u - a scroll of enchant weapon
 H - 4 scrolls of magic mapping
 Q - 3 scrolls of identify
 W - 3 scrolls of teleportation
Potions
 j - a potion of invisibility
 o - a potion of resistance
 q - 5 potions of curing
 r - a potion of flight
 t - a potion of experience {unknown}
 z - a potion of ambrosia
 J - a potion of brilliance
 P - a potion of haste
 U - 3 potions of might
 V - a potion of cancellation
Books
 l - a book of Dreams

   Spells                             Type                      Level
   a - Ensorcelled Hibernation        Hexes/Ice                    2
   b - Phase Shift                    Translocation                5
   c - Shadow Creatures               Summoning                    5
   d - Silence                        Hexes/Air                    5
   e - Mass Confusion                 Hexes                        6
   f - Darkness                       Hexes                        7
 B - a book of Minor Magic

   Spells                             Type                      Level
   a - Magic Dart                     Conjuration                  1
   b - Blink                          Translocation                2
   c - Call Imp                       Summoning                    2
   d - Repel Missiles                 Charms/Air                   2
   e - Slow                           Hexes                        2
   f - Conjure Flame                  Conjuration/Fire             3
   g - Mephitic Cloud                 Conjuration/Poison/Air       3
 F - a book of the Warp

   Spells                             Type                      Level
   a - Recall                         Summoning/Translocation      3
   b - Gell's Gravitas                Hexes/Translocation          3
   c - Control Teleport               Charms/Translocation         4
   d - Force Lance                    Conjuration/Translocation    4
   e - Phase Shift                    Translocation                5
   f - Warp Weapon                    Charms/Translocation         5
   g - Summon Forest                  Summoning/Translocation      5
Comestibles
 g - 10 bread rations
 n - 8 meat rations
 K - 2 fruits


   Skills:
 - Level 6.4 Fighting
 - Level 5.0(10.9) Short Blades
 + Level 14.5(14.8) Long Blades
 + Level 12.3 Bows
 - Level 4.1 Throwing
 - Level 10.5 Dodging
 - Level 6.0 Stealth
 - Level 7.4 Invocations


You had 7 spell levels left.
You knew the following spells:

 Your Spells              Type           Power        Failure   Level  Hunger
a - Blink                 Tloc           N/A          45%         2    ###....
b - Repel Missiles        Chrm/Air       #.....       45%         2    ###....


Dungeon Overview and Level Annotations

Branches:
Dungeon (8/15)             Temple (1/1) D:7            Lair (8/8) D:8
  Swamp (0/5) Lair:3        Snake (0/5) Lair:4
  Slime: Lair:6-8

Altars:
Dithmenos
Elyvilon
Fedhas
Gozag
Kikubaaqudgha
Nemelex Xobeh
Okawaru
Qazlal
Ru
Sif Muna
Trog
Xom
Yredelemnul
Zin
The Shining One

Annotations:
D:8 Grum
Lair:4 Sonja
Lair:5 Rupert


Innate Abilities, Weirdness & Mutations

Your spells are a little harder to cast, but a little more powerful.


Message History

The eight-headed hydra bites you!
* * * LOW HITPOINT WARNING * * *
The eight-headed hydra barely misses you. x2
The eight-headed hydra bites you!
* * * LOW HITPOINT WARNING * * *
The eight-headed hydra bites you but does no damage.
The eight-headed hydra completely misses you.
Drink which item? (? for menu, Esc to quit)
You feel much better.
The eight-headed hydra bites you but does no damage. x2
The eight-headed hydra bites you!
* * * LOW HITPOINT WARNING * * *
The eight-headed hydra bites you!
* * * LOW HITPOINT WARNING * * *
The eight-headed hydra closely misses you.
The eight-headed hydra bites you!
* * * LOW HITPOINT WARNING * * *
The eight-headed hydra closely misses you.
The eight-headed hydra bites you!
You die...

# ### # #@#####
# #D.#..# ##
#(..#.# #. ####
##(...# #.
##..## #.(..##
##
###....###.(###
##..........((#
#........#..(##
#.......P...##


You could see an eight-headed hydra.

Vanquished Creatures
  A hydra (Lair:8)
  A fire crab (Lair:7)
  2 black mambas
  An elephant (Lair:7)
  A torpor snail (Lair:4)
  6 komodo dragons
  4 spiny frogs
  4 fire drakes
  8 blink frogs
  4 basilisks
  4 wyverns
  17 yaks
  A deep elf mage (D:7)
  A fire elemental (Lair:6)
  5 hippogriffs
  11 wolves
  11 water moccasins
  5 soldier ants (Lair:2)
  A hell hound (Lair:4)
  A phantom (D:5)
  An ice beast (D:5)
  6 porcupines
  4 orc warriors
  4 centaurs
  4 ogres
  6 crocodiles
  2 big kobolds
  14 giant frogs
  2 scorpions (D:6)
  4 killer bees (D:7)
  An electric eel (Lair:6)
  A giant frog zombie (D:5)
  2 hounds
  A centaur zombie (D:8)
  2 crimson imps
  Crazy Yiuf (D:3)
  10 orc priests
  10 orc wizards
  Natasha (twice) (D:2)
  4 iguanas
  21 worker ants
  9 sheep (Lair:7)
  A hound skeleton (D:6)
  A gnoll (D:5)
  19 river rats
  8 adders
  2 shadow imps
  An ooze (D:5)
  3 adder zombies
  A worm (D:4)
  39 orcs
  6 ball pythons
  14 bats
  7 giant cockroaches
  14 hobgoblins
  14 jackals
  21 kobolds
  2 quokkas
  6 giant geckos
  9 giant newts
  A giant spore (D:8)
  9 goblins
  A jackal skeleton (D:6)
  11 rats
  A spectral orc (D:3)
  2 ballistomycetes (D:8)
393 creatures vanquished.

Vanquished Creatures (collateral kills)
  3 death yaks (Lair:7)
  A griffon (Lair:7)
  An elephant (Lair:8)
  2 spiny frogs (Lair:6)
  2 fire drakes (Lair:7)
  A komodo dragon (Lair:6)
  A polar bear (Lair:6)
  4 yaks
  A water moccasin (Lair:8)
  A crocodile (Lair:7)
  An iguana (Lair:6)
  A sheep (Lair:7)
  A plant (Lair:8)
20 creatures vanquished.

Vanquished Creatures (others)
  2 big kobolds (Lair:8)
  2 fungi
  3 plants
7 creatures vanquished.

Grand Total: 420 creatures vanquished

Notes
Turn   | Place    | Note
--------------------------------------------------------------
     0 | D:1      | sponge, the High Elf Assassin, began the quest for the Orb.
     0 | D:1      | Reached XP level 1. HP: 14/14 MP: 2/2
    26 | D:1      | Reached skill level 1 in Short Blades
   280 | D:1      | Reached XP level 2. HP: 17/19 MP: 3/3
   820 | D:1      | Reached XP level 3. HP: 18/24 MP: 4/4
  1133 | D:2      | Found a bloodstained altar of Trog.
  1361 | D:2      | Noticed Natasha
  1371 | D:2      | Killed Natasha
  1371 | D:2      | Reached XP level 4. HP: 24/29 MP: 5/5
  1582 | D:2      | Noticed Natasha
  1587 | D:2      | Killed Natasha
  1680 | D:3      | Reached skill level 5 in Short Blades
  1891 | D:3      | Found a basalt altar of Yredelemnul.
  2190 | D:3      | Noticed Crazy Yiuf
  2197 | D:3      | Killed Crazy Yiuf
  2197 | D:3      | Reached XP level 5. HP: 34/34 MP: 6/6
  2469 | D:4      | Reached skill level 1 in Long Blades
  3638 | D:5      | Entered Level 5 of the Dungeon
  3638 | D:5      | Noticed an ogre
  3675 | D:5      | Reached XP level 6. HP: 29/39 MP: 7/7
  3886 | D:5      | Noticed a phantom
  3895 | D:5      | Killed a phantom
  3895 | D:5      | Reached skill level 5 in Long Blades
  4076 | D:5      | Reached skill level 6 in Long Blades
  4329 | D:5      | Killed an ogre
  4329 | D:5      | Reached XP level 7. HP: 41/45 MP: 8/8
  4415 | D:5      | Reached skill level 7 in Long Blades
  4532 | D:5      | Noticed a centaur
  4547 | D:5      | Killed a centaur
  4656 | D:5      | Found an iron altar of Okawaru.
  4870 | D:5      | Noticed an ice beast
  4874 | D:5      | Killed an ice beast
  4874 | D:5      | Reached skill level 8 in Long Blades
  5287 | D:6      | Reached skill level 9 in Long Blades
  5332 | D:6      | Reached XP level 8. HP: 47/50 MP: 9/9
  5609 | D:6      | Reached skill level 5 in Dodging
  6300 | D:7      | Found a sacrificial altar of Ru.
  6343 | D:7      | Reached skill level 10 in Long Blades
  6807 | D:7      | Reached XP level 9. HP: 54/54 MP: 10/10
  6968 | D:7      | Found a staircase to the Ecumenical Temple.
  6974 | Temple   | Entered the Ecumenical Temple
  7012 | Temple   | Became a worshipper of Zin the Law-Giver
  7012 | Temple   | Acquired Zin's first power
  7013 | Temple   | Donated 158 gold pieces to Zin
  7014 | Temple   | Donated 79 gold pieces to Zin
  7015 | Temple   | Donated 40 gold pieces to Zin
  7028 | D:7      | Acquired Zin's second power
  7217 | D:7      | Reached skill level 11 in Long Blades
  7330 | D:7      | Found an ancient bone altar of Kikubaaqudgha.
  7642 | D:8      | Noticed Grum
  7974 | D:8      | Found a staircase to the Lair.
  8126 | D:8      | Reached skill level 12 in Long Blades
  8573 | D:8      | Upgraded the game from 0.17-a0-802-g1f09329 to 0.17-a0-1056-g838d5c0
  8758 | D:8      | Reached skill level 1 in Invocations
  8774 | Lair:1   | Entered Level 1 of the Lair of Beasts
  8860 | Lair:1   | Reached XP level 10. HP: 58/61 MP: 10/12
  8922 | Lair:1   | Noticed a spiny frog
  8933 | Lair:1   | Killed a spiny frog
  8935 | Lair:1   | You fall through a shaft!
  9007 | Lair:2   | Gained mutation: Your spells are a little harder to cast, but a little more powerful. [helix card]
  9072 | Lair:2   | Learned a level 2 spell: Blink
  9075 | Lair:2   | Learned a level 2 spell: Repel Missiles
  9286 | Lair:2   | Noticed a queen ant
  9473 | Lair:1   | Noticed a fire drake
  9481 | Lair:1   | Killed a fire drake
  9481 | Lair:1   | Reached skill level 5 in Invocations
  9560 | Lair:2   | Reached skill level 5 in Fighting
  9973 | Lair:3   | Acquired Zin's third power
 10007 | Lair:3   | Found a staircase to the Swamp.
 10396 | Lair:3   | Reached XP level 11. HP: 31/74 MP: 17/17
 10762 | Lair:4   | Reached skill level 1 in Bows
 10836 | Lair:4   | Found a staircase to the Snake Pit.
 11294 | Lair:4   | Noticed Sonja
 11355 | Lair:4   | Reached skill level 5 in Bows
 11988 | Lair:4   | Reached skill level 10 in Dodging
 12737 | Lair:5   | Noticed Rupert
 12807 | Lair:5   | Reached skill level 5 in Stealth
 12966 | Lair:5   | Noticed an eight-headed hydra
 13226 | Lair:6   | Hired Sergh the big kobold for 116 gold.
 13247 | Lair:6   | Reached XP level 12. HP: 37/80 MP: 18/18
 13552 | Lair:6   | Identified a scroll of acquirement
 14010 | Lair:7   | Reached skill level 13 in Long Blades
 14046 | Lair:7   | Hired Tesuan the big kobold for 74 gold.
 14058 | Lair:7   | Reached skill level 10 in Bows
 14909 | Lair:8   | Entered Level 8 of the Lair of Beasts
 15177 | Lair:8   | Your ally Sergh died
 15184 | Lair:8   | Your ally Tesuan died
 15464 | Lair:7   | Reached skill level 14 in Long Blades
 15523 | Lair:8   | Noticed a four-headed hydra
 15840 | Lair:8   | Killed a four-headed hydra
 15855 | Lair:7   | Noticed an eight-headed hydra
 16398 | Lair:7   | Mangled by an eight-headed hydra

Vault maps used:
D:1:      dpeg_arrival_tiny_i, st_stairs_7
D:2:      first_bread, bloody_trog, uniq_natasha
D:3:      yredelemnul_forgotten_temple_becter, uniq_crazy_yiuf_cottage
D:5:      okawaru_altar_gauntlet_db
D:6:      uniq_pikel, uniq_eustachio
D:7:      kiku_gazebo_pond_becter, minmay_temple_entry_enclosed_plants,
          basic_altar
D:8:      lair_0_dummy, uniq_grum
Temple:   circular_temple_12
Lair:2:   zaba_antful_of_joy
Lair:3:   swamp_mist, special_room
Lair:4:   dummy_snake_entry, columned_hall_lemuel, serial_bayou_shore_b,
          serial_bayou_shore_a, uniq_sonja
Lair:5:   gammafunk_lair_bear_cave, special_room, uniq_rupert
Lair:6:   dpeg_slime_entry_corner, minivault_24, grunt_megastairs_5,
          infiniplex_staircase_pool
Lair:7:   st_stairs_12
Lair:8:   evil_forest

Action                   |  1- 3 |  4- 6 |  7- 9 | 10-12 || total
-------------------------+-------+-------+-------+-------++-------
Melee: Dagger            |   146 |    65 |     1 |       ||   212
       Falchion          |       |   126 |   421 |   870 ||  1417
 Fire: Blowgun           |     2 |    11 |    84 |    11 ||   108
       Shortbow          |       |       |       |   159 ||   159
Throw: Stone             |     3 |     2 |     1 |     2 ||     8
       Tomahawk          |       |       |       |    21 ||    21
       Javelin           |       |       |       |    18 ||    18
Invok: Recite            |       |       |     3 |     1 ||     4
       Vitalisation      |       |       |       |    11 ||    11
       Imprison          |       |       |       |     1 ||     1
Evoke: Deck              |       |       |     1 |    10 ||    11
       Wand              |       |       |       |     3 ||     3
  Use: Scroll            |     9 |     4 |    10 |     7 ||    30
       Potion            |     1 |       |     6 |     4 ||    11
 Stab: Sleeping          |     4 |    15 |    14 |     9 ||    42
       Distracted        |       |     1 |     2 |     6 ||     9
  Eat: Chunk             |     2 |     7 |    13 |    17 ||    39
       Pizza             |       |     1 |       |       ||     1
       Beef jerky        |       |       |     2 |       ||     2
       Royal jelly       |       |       |       |     1 ||     1
       Fruit             |       |       |       |     2 ||     2
